 Dungeon Crawl Stone Soup version 0.31-a0-934-gf4fcaacff8 (webtiles) character file.

Game seed: 7205074051124286585

157445 MacCMillion the Spry (level 17, 81/81 HPs)
             Began as a Felid Summoner on Sept 20, 2023.
             Was a High Priest of Kikubaaqudgha.
             Quit the game on level 4 of the Snake Pit on Oct 20, 2023.
             The game lasted 02:50:24 (44902 turns).

MacCMillion the Spry (Felid Summoner)              Turns: 44902, Time: 02:50:25

Health: 81/81      AC:  3    Str:  4    XL:     17   Next: 12%
Magic:  43/43      EV: 29    Int: 30    God:    Kikubaaqudgha [*****.]
Gold:   1817       SH:  0    Dex: 17    Spells: 5/41 levels left
                                        Lives:  0   Deaths: 6

rFire   . . .        (weapon unavailable)
rCold   + . .        (shield unavailable)
rNeg    + . .        (body armour unavailable)
rPois   +            (helmet unavailable)
rElec   .            (cloak unavailable)
rCorr   .            (gloves unavailable)
SInv    +            (boots unavailable)
Will    ++...        X - macabre finger necklace {Finger+ rN+}
Stlth   ++           S - ring of poison resistance
HPRegen 0.33/turn    x - ring of magical power
MPRegen 0.28/turn    U - +6 ring of intelligence

%: no passive effects
@: beast-form, quick
A: beast (slay +0), very small, claws 1, fangs 3, see invisible, speed 1, shaggy
fur 3, stealthy paws, no weapons or thrown items, no armour, multi-lived
a: Begin Untransformation, Renounce Religion, Unearth Wretches, Torment


You were on level 4 of the Snake Pit.
You worshipped Kikubaaqudgha.
Kikubaaqudgha was extremely pleased with you.
You were a hulking beast.
You visited 5 branches of the dungeon, and saw 27 of its levels.
You also visited: Gauntlet.

You collected 2994 gold pieces.
You spent 1177 gold pieces at shops.

Inventory:

Jewellery
 e - a ring of willpower
 w - a ring of protection from fire
 x - a ring of magical power (right paw)
 B - an amulet of the acrobat
 D - a ring of willpower
 I - a +5 ring of evasion
 O - a ring of fire
 R - a ring of wizardry
 S - a ring of poison resistance (left paw)
 T - a +6 ring of dexterity
 U - a +6 ring of intelligence (on amulet)
 W - a ring of protection from cold
 X - the macabre finger necklace (around neck) {Finger+ rN+}
   (You bought it in a shop on level 2 of the Orcish Mines)

   [amulet of nothing]

   Finger+:   It enables you to equip an extra ring.
   rN+:       It protects you from negative energy.
Talismans
 u - a beast talisman (active)
Wands
 s - a wand of digging (5)
 F - a wand of iceblast (14)
 H - a wand of paralysis (10)
 J - a wand of flame (15)
 N - a wand of quicksilver (12)
 Q - a wand of polymorph (15)
 V - a wand of mindburst (15)
Scrolls
 b - a scroll of amnesia
 c - 2 scrolls of immolation
 j - 2 scrolls of enchant weapon
 m - 2 scrolls of enchant armour
 n - 2 scrolls of vulnerability
 o - 4 scrolls of fog
 p - 3 scrolls of teleportation
 q - 4 scrolls of blinking
 r - a scroll of revelation
 t - 3 scrolls of poison
 y - 3 scrolls of fear
 E - a scroll of butterflies
 G - a scroll of brand weapon
 K - 3 scrolls of noise
 Y - a scroll of torment
 Z - 2 scrolls of identify
Potions
 a - 5 potions of magic
 d - 3 potions of might
 f - 2 potions of enlightenment
 g - 4 potions of invisibility
 h - 3 potions of lignification
 i - 10 potions of heal wounds
 k - 2 potions of ambrosia
 l - 5 potions of degeneration
 v - 5 potions of brilliance
 z - 4 potions of cancellation
 A - 3 potions of haste
 C - 5 potions of curing
 L - a potion of berserk rage
 M - 3 potions of attraction
 P - 6 potions of mutation


   Skills:
 + Level 13.1 Fighting
 + Level 16.9 Dodging
 - Level 2.6 Stealth
 + Level 12.5 Spellcasting
 - Level 10.1 Hexes
 + Level 11.7 Summonings
 + Level 15.5 Necromancy
 - Level 8.0 Ice Magic
 - Level 5.0 Air Magic


You had 5 spell levels left.
You knew the following spells:

 Your Spells              Type           Power      Damage    Failure   Level
a - Death Channel         Necr           42%        N/A       1%          6
b - Call Canine Familiar  Summ           73%        N/A       1%          3
c - Simulacrum            Ice/Necr       36%        N/A       3%          6
d - Summon Lightning Spi  Summ/Air       62%        N/A       1%          4
e - Animate Dead          Necr           84%        N/A       1%          4
f - Anguish               Hex/Necr       38%        N/A       1%          4
g - Sublimation of Blood  Necr           84%        N/A       0%          2
h - Haunt                 Necr/Summ      39%        N/A       9%          7

Your spell library contained the following spells:

 Spells                   Type           Power      Damage    Failure   Level
 Necrotise                Necr           100%       1d9       0%          1
 Vampiric Draining        Necr           84%        2d12      0%          3
 Kiss of Death            Conj/Necr      100%       2d13      1%          1
 Shock                    Conj/Air       100%       1d9       1%          1
 Summon Small Mammal      Summ           100%       N/A       1%          1
 Call Imp                 Summ           100%       N/A       1%          2
 Dazzling Flash           Conj/Hex       98%        N/A       1%          3
 Inner Flame              Hex/Fire       49%        N/A       1%          3
 Summon Guardian Golem    Hex/Summ       71%        N/A       1%          3
 Swiftness                Air            48%        N/A       1%          3
 Dispel Undead            Necr           84%        3d27      1%          4
 Agony                    Necr           84%        N/A       1%          5
 Sandblast                Erth           36%        2d10      2%          1
 Passwall                 Tmut/Erth      15%        N/A       4%          2
 Wereblood                Tmut           18%        N/A       4%          2
 Ignite Poison            Fire/Tmut/Pois 18%        N/A       9%          3
 Stone Arrow              Conj/Erth      36%        3d9       9%          3
 Volatile Blastmotes      Fire/Tloc      36%        2d13      9%          3
 Yara's Violent Unravell  Hex/Tmut       24%        3d11      10%         5
 Brom's Barrelling Bould  Conj/Erth      18%        2d4       26%         4
 Manifold Assault         Tloc           18%        N/A       26%         4
 Petrify                  Tmut/Erth      18%        N/A       26%         4
 Sticky Flame             Conj/Fire      18%        2d4       26%         4
 Fireball                 Conj/Fire      9%         3d6       58%         5
 Irradiate                Conj/Tmut      9%         3d14      58%         5
 Iskenderun's Battlesphe  Conj           18%        2d7       58%         5
 Borgnjor's Revivificati  Necr           42%        N/A       30%         8
 Infestation              Necr           42%        N/A       30%         8
 Enfeeble                 Hex            34%        N/A       34%         7
 Conjure Ball Lightning   Conj/Air       16%        3x3d6     83%         6
 Dispersal                Tloc           9%         N/A       99%         6
 Starburst                Conj/Fire      9%         6d5       99%         6
 Death's Door             Necr           42%        N/A       99%         9
 Orb of Destruction       Conj           9%         9d6       100%        7
 Disjunction              Tloc           9%         N/A       100%        8
 Ignition                 Fire           9%         3d5       100%        8
 Maxwell's Capacitive Co  Air            24%        ∞         100%        8
 Chain Lightning          Conj/Air       16%        3d22      100%        9


Dungeon Overview and Level Annotations

Branches:
Dungeon (15/15)            Temple (1/1) D:7            Lair (5/5) D:11
  Swamp (0/4) Lair:3        Snake (4/4) Lair:2        Slime (0/5) Lair:4
    Orc (2/2) D:11            Elf (0/3) Orc:2        Vaults (0/5) D:14
 Depths (0/4) D:15        Gauntlet (visited)

Altars:
Ashenzari
Cheibriados
Dithmenos
Elyvilon
Fedhas
Gozag
Hepliaklqana
Kikubaaqudgha
Makhleb
Nemelex Xobeh
Okawaru
Qazlal
Ru
Sif Muna
Trog
Uskayaw
Vehumet
Wu Jian
Xom
Yredelemnul
Zin
The Shining One
Jiyva

Shops:
D:3 *   D:8 !   D:10 *   D:14 :(*(   Orc:2 ((=[   Snake:4 ?

Annotations:
D:4 2 transporters, Kiciri's ghost, amateur HuMo
D:8 Erica
Lair:3 2 transporters, IndexError's ghost, journeyman GrEE
Snake:4 Vashnia


Innate Abilities, Weirdness & Mutations

You are a hulking beast.
Your limbs bulge with bestial killing power. (Slay +0)
You have sharp claws.
You have razor-sharp teeth.
You have supernaturally acute eyesight. (SInv)
You cover ground quickly. (Speed+)
Your thick and shaggy fur keeps you warm. (AC +3, rC+)
Your paws help you pounce on unaware monsters.
You are incapable of wielding weapons or throwing items.
You cannot wear armour.
You gain extra lives every three experience levels.


Message History

Kikubaaqudgha accepts your kill.
A freezing mist starts to gather... x3; A glowing mist starts to gather...
Kikubaaqudgha accepts your kill.
You feel a bit more experienced.
Your wraith misses Vashnia.
Your wraith completely misses Vashnia.
Your phantasmal warrior gestures at Vashnia.
Your phantasmal warrior blinks!
Vashnia mumbles some strange words.
Vashnia blinks!
Your unholy channel expires.
Your spectral naga sharpshooter fades into mist!
Your naga sharpshooter simulacrum hits the naga sharpshooter.
Your naga sharpshooter simulacrum freezes the naga sharpshooter!!
Your naga sharpshooter simulacrum grabs the naga sharpshooter.
Your naga sharpshooter simulacrum constricts the naga sharpshooter.
Your phantasmal warrior gestures at Vashnia.
Your phantasmal warrior blinks!
Vashnia shoots an arrow.
The arrow hits your phantasmal warrior!!
Vashnia is wracked by anguish!!
The naga sharpshooter gestures wildly while chanting.
The naga sharpshooter magically shoots an arrow.
The arrow completely misses you.
Something barely misses your naga sharpshooter simulacrum.
Something grabs your naga sharpshooter simulacrum.
Your naga sharpshooter simulacrum is constricted.
Your naga warrior simulacrum hits the naga sharpshooter!
Your naga warrior simulacrum freezes the naga sharpshooter!
Your naga zombie hits the naga sharpshooter!
The naga sharpshooter dies!
Kikubaaqudgha accepts your kill.
Your phantasmal warrior gestures at Vashnia.
Your phantasmal warrior blinks!
Your naga sharpshooter simulacrum struggles to escape constriction.
Vashnia shoots an arrow.
The arrow hits you!!
You die...
Your shape twists and changes as you die.
You rejoin the land of the living...
Unknown command.
Are you sure you want to abandon this character and quit the game? (Confirm with "yes".)

.............Z.## ##..###
.............Z..## ##.....##
.............ZZZZ#####..#....####
..............Z.Z....Z...........
..............###)....#........#.
..............###..Z.###..###..##
...............#.##..###..###...#
......#.......#..###..#........Z.
......#......###h# ##............
...##........# #.# #[..........§
...###......## #.# #...........W
##.# #...#... ### ######...†..Z
.### ....# #....... # ####
#####... ##.. ##. ##


There were no monsters in sight!

Vanquished Creatures
  A hydra (D:14)
  A centaur warrior (D:13)
  3 death yaks (Lair:3)
  A mana viper (Snake:1)
  A manticore (D:13)
  An unseen horror (D:12)
  2 orc warriors (Orc:2)
  2 elephant zombies (Lair:3)
  A kobold brigand (D:8)
  3 electric eels (Lair:4)
  An orc wizard (Orc:2)
  A jackal (D:5)
  3 kobolds
  3 bats (D:1)
  2 goblins
26 creatures vanquished.

Vanquished Creatures (collateral kills)
  Nikola (Snake:2)
  A shadow dragon (D:13)
  Aizul (Snake:3)
  A frost giant (D:13)
  A salamander tyrant (Snake:3)
  2 catoblepae
  A hydra (Lair:5)
  4 centaur warriors (D:13)
  An ogre mage (D:15)
  A boulder beetle (shapeshifter) (D:13)
  6 anacondas
  5 boulder beetles
  A death knight (D:15)
  2 death yaks (Lair:3)
  7 two-headed ogres
  A death scarab (D:14)
  2 shock serpents
  3 naga warriors
  4 naga sharpshooters
  A skeletal warrior (D:13)
  2 skysharks
  2 deep trolls (D:15)
  5 naga ritualists
  A phantasmal warrior (D:15)
  3 spectral wolf spiders (D:14)
  A lindwurm (Lair:5)
  A necromancer (D:14)
  2 deep elf pyromancers
  An occultist (D:15)
  10 mana vipers
  8 ugly things
  5 salamanders
  3 manticores
  A wolf spider (D:14)
  6 cyclopes
  Maurice (D:11)
  6 elephants
  16 black mambas
  2 torpor snails (Lair:5)
  10 cane toads
  11 naga magi
  Jeremiah (D:6)
  7 rime drakes
  4 unseen horrors
  2 freezing wraiths (D:15)
  2 efreet
  3 yaktaurs
  6 komodo dragons
  4 trolls
  A hornet (D:10)
  12 dream sheep
  11 blink frogs
  A jumping spider (D:14)
  6 slime creatures (D:13)
  2 shadows
  A flying skull (Gauntlet)
  4 wyverns
  5 wraiths
  13 yaks
  6 basilisks
  2 steam dragons
  9 vampire mosquitoes
  A redback (D:14)
  2 wargs
  16 nagas
  2 acid dragons
  14 water moccasins
  A meliai simulacrum (D:14)
  2 swamp drakes (Lair:5)
  A sky beast (D:8)
  An ice beast (D:7)
  11 orc warriors
  A black bear (D:11)
  5 wolves (Lair:3)
  3 centaurs
  2 ogres
  4 kobold brigands
  7 bullfrogs
  2 gnoll sergeants (D:8)
  5 scorpions
  A wight (D:8)
  A troll zombie (D:12)
  2 howler monkeys
  A crimson imp (D:10)
  2 hounds
  3 jellies
  3 gnoll boudas
  13 orc priests
  3 iguanas
  21 orc wizards
  A hell rat (Lair:3)
  A mummy (D:5)
  26 gnolls
  8 adders
  13 white imps
  2 worms
  2 dart slugs
  53 orcs
  10 endoplasms
  7 giant cockroaches
  11 goblins
  7 hobgoblins
  11 jackals
  17 kobolds
  7 quokkas
  14 ball pythons
  8 bats
  4 frilled lizards (D:1)
  A goblin zombie (D:15)
  A jackal zombie (D:15)
  3 kobold zombies (D:5)
  2 orc zombies
  6 rats
  2 butterflies
592 creatures vanquished.

Vanquished Creatures (others)
  A nagaraja (Snake:2)
  Donald (Snake:3)
  A frost giant (D:13)
  An ettin (D:15)
  Harold (Lair:1)
  A fire dragon (Lair:5)
  Erolcha (Orc:2)
  A salamander tyrant (Snake:1)
  An ice dragon (D:13)
  5 hydras
  12 anacondas
  2 death knights
  4 two-headed ogres
  4 centaur warriors
  A death scarab (D:14)
  3 boulder beetles
  6 naga warriors
  A tengu warrior (D:13)
  An orc high priest (Orc:1)
  6 naga sharpshooters
  5 shock serpents
  Urug (Lair:1)
  A hell knight (D:15)
  A skyshark (Lair:5)
  A salamander mystic (Snake:1)
  Amaemon (D:9)
  2 skeletal warriors
  7 anaconda zombies
  A swamp dragon (Lair:5)
  An occultist (D:13)
  A naga ritualist (Snake:2)
  2 orc knights (Orc:2)
  3 ugly thing zombies
  A phantasmal warrior (D:15)
  A necromancer (D:15)
  A wolf spider (D:14)
  3 mana vipers
  5 cyclopes
  8 ugly things
  3 manticores
  2 shock serpent zombies
  2 salamanders
  4 elephants
  7 centaur zombies
  A torpor snail (Lair:4)
  2 guardian serpents
  7 naga magi
  12 black mambas
  Joseph (D:7)
  An orange demon (D:9)
  7 cane toads
  A freezing wraith (D:15)
  5 komodo dragons
  2 rime drakes
  2 unseen horror zombies
  4 mana viper zombies
  A tengu conjurer (D:13)
  A queen bee (shapeshifter) (D:14)
  5 trolls
  2 blink frogs (Lair:1)
  A hornet (D:9)
  A tarantella zombie (D:14)
  2 hydra zombies
  2 tarantellas (D:14)
  A dream sheep (Lair:5)
  A guardian serpent zombie (Snake:2)
  A boulder beetle zombie (D:13)
  Sigmund (D:3)
  3 flying skulls (Gauntlet)
  3 vampires
  4 wyverns
  A wraith (D:10)
  11 black mamba zombies
  4 slime creature zombies (D:13)
  28 yaks
  2 basilisks
  A redback (D:14)
  4 vampire mosquitoes
  2 two-headed ogre zombies
  20 nagas
  2 steam dragons (Lair:5)
  A tengu zombie (D:13)
  2 wargs (Orc:1)
  2 human zombies
  2 deep troll zombies (D:15)
  14 naga zombies
  3 skyshark zombies
  Edmund (D:4)
  An acid dragon (D:8)
  2 cane toad zombies (Lair:4)
  A water moccasin (Lair:1)
  20 orc warriors
  2 black bears
  2 dream sheep zombies
  2 elephant zombies (Lair:3)
  An elf zombie (D:15)
  4 manticore zombies
  4 ogres
  A wolf (Lair:5)
  A vampire mosquito zombie (D:13)
  3 rime drake zombies
  5 centaurs
  A salamander zombie (Snake:2)
  A bullfrog (Lair:1)
  A komodo dragon zombie (Lair:4)
  4 wyvern zombies
  A yaktaur zombie (D:13)
  A cyclops zombie (D:13)
  A gnoll sergeant (D:12)
  2 water moccasin zombies
  5 wights (D:8)
  A troll zombie (D:13)
  8 yak zombies
  A wolf zombie (Lair:3)
  An orc priest (Orc:1)
  A basilisk zombie (Lair:5)
  2 black bear zombies (D:11)
  A sleepcap (D:5)
  An iguana (Lair:5)
  An orc wizard (D:8)
  2 hell rats (Lair:3)
  3 ogre zombies (Orc:2)
  2 gnolls
  A swamp drake zombie (Lair:5)
  A white imp (Lair:2)
  An iguana zombie (Lair:5)
  34 orc zombies
  12 orcs
  A jackal (D:15)
  2 gnoll zombies (D:12)
  A goblin (D:15)
435 creatures vanquished.

Grand Total: 1053 creatures vanquished

Notes
Turn   | Place    | Note
-------+----------+-------------------------------------------
     0 | D:1      | MacCMillion the Felid Summoner began the quest for the Orb.
     0 | D:1      | Reached XP level 1. HP: 7/7 MP: 4/4
   536 | D:1      | Reached XP level 2. HP: 11/11 MP: 1/6
   945 | D:1      | Reached XP level 3. HP: 14/14 MP: 6/8
   966 | D:1      | Succumbed to a kobold's poison
  1648 | D:1      | Learned a level 3 spell: Call Canine Familiar
  2025 | D:2      | Found a faded altar of an unknown god.
  2389 | D:2      | Found a glowing silver altar of Zin.
  2489 | D:2      | Reached XP level 4. HP: 18/18 MP: 6/9
  2966 | D:2      | Reached skill level 5 in Summonings
  3733 | D:3      | Noticed Sigmund
  3798 | D:2      | Learned a level 3 spell: Summon Guardian Golem
  3819 | D:3      | Found Kunezuuc's General Store.
  3836 | D:3      | Bought a scroll of blinking for 82 gold pieces
  4362 | D:4      | Reached skill level 1 in Hexes
  4658 | D:4      | Noticed Edmund
  4672 | D:4      | Killed Edmund
  4673 | D:4      | Reached XP level 5. HP: 21/21 MP: 7/11
  4779 | D:4      | Found a transporter.
  4782 | D:4      | Noticed Kiciri's ghost (amateur HuMo)
  4848 | D:4      | Gained mutation: You are covered in thick fur. (AC +2)
                  | [Felid growth]
  4848 | D:4      | Reached XP level 6. HP: 24/24 MP: 5/12
  5197 | D:4      | Found a transporter.
  6422 | D:3      | Killed Sigmund
  6423 | D:3      | Reached skill level 1 in Fighting
  6423 | D:3      | Reached skill level 3 in Dodging
  6423 | D:3      | Reached skill level 5 in Hexes
  6423 | D:3      | Reached XP level 7. HP: 28/28 MP: 8/14
  6428 | D:3      | Learned a level 4 spell: Summon Lightning Spire
  6878 | D:3      | Found Kunezuuc's General Store.
  7914 | D:5      | Entered Level 5 of the Dungeon
  7953 | D:5      | You fall into a shaft and drop 1 floor!
  8158 | D:6      | Reached skill level 4 in Dodging
  8158 | D:6      | Reached skill level 1 in Air Magic
  8314 | D:6      | Noticed Jeremiah
  9356 | D:5      | Reached XP level 8. HP: 34/34 MP: 9/15
 10793 | D:6      | Reached skill level 5 in Dodging
 12140 | D:6      | Killed Jeremiah
 12141 | D:6      | Reached skill level 5 in Spellcasting
 12291 | D:6      | Reached skill level 6 in Dodging
 12535 | D:7      | Found a shimmering altar of Xom.
 12809 | D:7      | Reached XP level 9. HP: 34/39 MP: 17/17
 12908 | D:7      | Found a staircase to the Ecumenical Temple.
 12915 | Temple   | Entered the Ecumenical Temple
 12920 | Temple   | Became a worshipper of Kikubaaqudgha
 12960 | D:7      | Upgraded the game from 0.31-a0-801-gc67433417a to
                  | 0.31-a0-806-g0bc164a743
 13060 | D:7      | Noticed Joseph
 13075 | D:7      | Killed Joseph
 13076 | D:7      | Reached skill level 5 in Air Magic
 13764 | D:8      | Reached skill level 7 in Dodging
 13816 | D:8      | Found Qeseur's Distillery.
 13878 | D:8      | Bought a potion of curing for 45 gold pieces
 13878 | D:8      | Bought a potion of haste for 150 gold pieces
 13962 | D:8      | Reached * piety under Kikubaaqudgha
 13962 | D:8      | Received a gift from Kikubaaqudgha
 14125 | D:8      | Reached skill level 5 in Fighting
 14283 | D:8      | Reached skill level 8 in Dodging
 14293 | D:8      | Reached XP level 10. HP: 45/45 MP: 21/21
 14729 | D:8      | Noticed Erica
 14915 | D:8      | Reached ** piety under Kikubaaqudgha
 15713 | D:9      | Reached skill level 9 in Dodging
 15719 | D:9      | Learned a level 4 spell: Animate Dead
 15941 | D:9      | Noticed a two-headed ogre
 15952 | D:9      | Killed a two-headed ogre
 15953 | D:9      | Reached skill level 1 in Necromancy
 16187 | D:9      | Noticed a two-headed ogre
 16216 | D:9      | Killed a two-headed ogre
 16296 | D:9      | Noticed Amaemon
 16297 | D:9      | Noticed an orange demon
 16318 | D:9      | Killed an orange demon
 16319 | D:9      | Reached XP level 11. HP: 50/50 MP: 16/23
 16421 | D:9      | Killed Amaemon
 16422 | D:9      | Reached skill level 10 in Dodging
 16940 | D:10     | Entered Level 10 of the Dungeon
 17884 | D:11     | Reached *** piety under Kikubaaqudgha
 17884 | D:11     | Received a gift from Kikubaaqudgha
 17890 | D:11     | Learned a level 4 spell: Anguish
 18151 | D:11     | Found a staircase to the Lair.
 18245 | D:11     | Noticed Maurice
 18254 | D:11     | Killed Maurice
 18307 | D:11     | Found a staircase to the Orcish Mines.
 18344 | D:11     | Noticed a red ugly thing
 18645 | D:10     | Reached skill level 5 in Necromancy
 18776 | D:10     | Found a radiant altar of Vehumet.
 18776 | D:10     | Found a burning altar of Makhleb.
 18817 | D:10     | Found Kehuesav's General Store.
 19153 | Lair:1   | Entered Level 1 of the Lair of Beasts
 19216 | Lair:1   | Noticed Urug
 19227 | Lair:1   | Reached skill level 11 in Dodging
 19235 | Lair:1   | Killed Urug
 19428 | Lair:1   | Reached skill level 10 in Summonings
 19428 | Lair:1   | Gained mutation: Your thick and shaggy fur keeps you warm.
                  | (AC +3, rC+) [Felid growth]
 19428 | Lair:1   | Reached XP level 12. HP: 55/55 MP: 25/25
 19820 | Lair:1   | Reached **** piety under Kikubaaqudgha
 20070 | Lair:1   | Noticed Harold
 20092 | Lair:1   | Killed Harold
 20889 | Lair:2   | Noticed a five-headed hydra
 20903 | Lair:2   | Killed a five-headed hydra
 20980 | Lair:2   | Found a staircase to the Snake Pit.
 21102 | Lair:2   | Found a frozen archway.
 21115 | Lair:2   | Found a gate leading to a gauntlet.
 21196 | Gauntlet | Entered a Gauntlet
 21196 | Gauntlet | Found a transporter.
 21196 | Gauntlet | Found a transporter.
 21197 | Gauntlet | Found a transporter.
 21197 | Gauntlet | Found a transporter.
 21200 | Gauntlet | Found a transporter.
 21213 | Gauntlet | Found a transporter.
 21219 | Gauntlet | Found a transporter.
 21233 | Gauntlet | Noticed a catoblepas
 21234 | Gauntlet | Found a transporter.
 21256 | Gauntlet | Found a transporter.
 21282 | Gauntlet | Found a transporter.
 21300 | Gauntlet | Found a transporter.
 21351 | Gauntlet | Found a transporter.
 21403 | Gauntlet | Learned a level 6 spell: Death Channel
 21427 | Gauntlet | Slain by a flying skull
 21536 | Gauntlet | Identified the +9 halberd "Cavoith" {heavy, Dex+3}
 21536 | Gauntlet | Noticed a minotaur
 21564 | Gauntlet | Identified the +6 great sword of Haquxtof {drain, rN+
                  | Stlth+}
 21594 | Lair:2   | Reached skill level 12 in Dodging
 22621 | Lair:3   | Found a staircase to the Swamp.
 22623 | Lair:3   | Found a transporter.
 22640 | Lair:3   | Identified the amulet of Wiercha {Acrobat Will+ Str+3}
 22680 | Lair:3   | Found a bloodstained altar of Trog.
 22682 | Lair:3   | Noticed IndexError's ghost (journeyman GrEE)
 22697 | Lair:3   | Found a transporter.
 22873 | Lair:3   | Reached XP level 13. HP: 60/60 MP: 3/27
 23521 | Lair:3   | Found an ornate altar of the Wu Jian Council.
 24304 | Lair:4   | Reached skill level 13 in Dodging
 24388 | Lair:4   | Reached skill level 10 in Hexes
 24389 | Lair:4   | Reached ***** piety under Kikubaaqudgha
 24571 | Lair:4   | Reached skill level 10 in Fighting
 24576 | Lair:4   | Reached skill level 10 in Spellcasting
 24576 | Lair:4   | Reached skill level 10 in Necromancy
 24876 | Lair:4   | Found a viscous altar of Jiyva.
 24877 | Lair:4   | Found a staircase to the Slime Pits.
 25373 | Lair:5   | Entered Level 5 of the Lair of Beasts
 26726 | Lair:5   | Reached XP level 14. HP: 61/66 MP: 11/29
 26837 | Lair:5   | Learned a level 2 spell: Sublimation of Blood
 26852 | Lair:5   | Reached skill level 14 in Dodging
 27533 | Lair:5   | Got an ancient book
 28691 | Orc:1    | Entered Level 1 of the Orcish Mines
 28913 | Orc:2    | Entered Level 2 of the Orcish Mines
 29087 | Orc:2    | Reached ****** piety under Kikubaaqudgha
 29349 | Orc:2    | Found a staircase to the Elven Halls.
 29881 | Orc:2    | Found Fomyhih's Antique Weapon Shoppe.
 29881 | Orc:2    | Found Raupseec's Jewellery Boutique.
 29883 | Orc:2    | Found Uqucsim's Weapon Emporium.
 29885 | Orc:2    | Found Cozetizi's Antique Armour Shop.
 29892 | Orc:2    | Noticed Erolcha
 29901 | Orc:2    | Killed Erolcha
 30148 | Orc:2    | Reached skill level 15 in Dodging
 30799 | Orc:1    | Noticed an orc warlord
 30800 | Orc:1    | Found an iron altar of Okawaru.
 32001 | D:13     | Received a gift from Kikubaaqudgha (forbidden knowledge)
 32010 | D:13     | Learned a level 7 spell: Haunt
 32435 | D:13     | Noticed a frost giant
 32435 | D:13     | Noticed a shadow dragon
 32438 | D:13     | Noticed a frost giant
 33788 | D:13     | Reached XP level 15. HP: 70/72 MP: 13/30
 33880 | D:13     | Killed a frost giant
 35263 | D:13     | Killed a shadow dragon
 35625 | D:13     | Upgraded the game from 0.31-a0-806-g0bc164a743 to
                  | 0.31-a0-816-gd61d57ddb1
 35630 | D:13     | Killed by an exploding themself... ignited by their inner
                  | flame
 36440 | D:13     | Killed a frost giant
 37173 | D:14     | Found Pibaurr's Weapon Emporium.
 37429 | D:14     | Found Quli's Weapon Shoppe.
 37606 | D:14     | Found Biehatz's General Store.
 37620 | D:14     | Identified a scroll of acquirement
 37621 | D:14     | Acquired Borgnjor's Folio of Mortification
 37852 | D:14     | Found a runed translucent door.
 37969 | D:14     | Reached skill level 16 in Dodging
 37978 | D:14     | Found Veocuq's Book Shop.
 38002 | D:14     | Found a gate to the Vaults.
 38207 | D:14     | Identified the +5 demon whip of Revolt {elec, Contam Str+5
                  | Int+4}
 38209 | D:14     | Found a runed translucent gate.
 38209 | D:14     | Found a runed translucent gate.
 38209 | D:14     | Found a runed translucent gate.
 38209 | D:14     | Found a runed translucent gate.
 38210 | D:14     | Found a runed translucent gate.
 38212 | D:14     | Found a runed translucent gate.
 38259 | D:14     | Identified the amulet "Futrudorr" {-Tele +Inv rN+ Regen+}
 38269 | D:14     | Learned a level 6 spell: Simulacrum
 38415 | D:15     | Entered Level 15 of the Dungeon
 38517 | D:15     | Found a white marble altar of Elyvilon.
 39214 | D:15     | Found a staircase to the Depths.
 39300 | D:15     | Reached skill level 1 in Ice Magic
 39313 | D:15     | Mangled by a phantasmal warrior
 40033 | D:15     | Reached XP level 16. HP: 77/77 MP: 18/32
 40406 | Orc:2    | Bought a ring of poison resistance for 300 gold pieces
 40408 | Orc:2    | Bought the macabre finger necklace {Finger+ rN+} for 600
                  | gold pieces
 40408 | Orc:2    | Found the macabre finger necklace {Finger+ rN+}
 40538 | Snake:1  | Entered Level 1 of the Snake Pit
 40807 | Snake:1  | Reached skill level 5 in Ice Magic
 41125 | Snake:1  | Upgraded the game from 0.31-a0-816-gd61d57ddb1 to
                  | 0.31-a0-851-g7ff8af7976
 41127 | Snake:1  | Upgraded the game from 0.31-a0-851-g7ff8af7976 to
                  | 0.31-a0-867-g9b2fd80f0c
 41127 | Snake:1  | Upgraded the game from 0.31-a0-867-g9b2fd80f0c to
                  | 0.31-a0-917-ga885b83477
 42216 | Snake:2  | Noticed Nikola
 42226 | Snake:2  | Killed Nikola
 43202 | Snake:2  | Reached skill level 15 in Necromancy
 43359 | Snake:3  | Noticed Donald
 43381 | Snake:3  | Noticed Aizul
 43391 | Snake:3  | Killed Aizul
 43486 | Snake:3  | Shot with a bolt by a naga sharpshooter
 43487 | Snake:3  | Upgraded the game from 0.31-a0-917-ga885b83477 to
                  | 0.31-a0-934-gf4fcaacff8
 44315 | Snake:3  | Killed Donald
 44316 | Snake:3  | Reached XP level 17. HP: 81/81 MP: 4/34
 44699 | Snake:4  | Entered Level 4 of the Snake Pit
 44699 | Snake:4  | Found Tosteid's Magic Scroll Shop.
 44894 | Snake:4  | Noticed Vashnia
 44901 | Snake:4  | Shot with an arrow by Vashnia
 44902 | Snake:4  | Quit the game

Illustrated notes

Levels and vault maps discovered:
D:1:      co_arrival_square_in_a_square_in_a_square, layout_rooms,
          serial_bayou_pond_a, minmay_pentomino_w4
D:2:      layout_loops_ring, basic_altar, serial_co_window_serial,
          co_window_paths_b, co_window_cross_1, co_window_paths_b,
          co_window_of_opportunity_a, co_window_of_opportunity_a,
          co_window_paths_b, co_window_paths_a, co_window_2corner,
          co_window_broadway_a, co_window_cross_3, co_window_broadway_c,
          co_window_broadway_b, co_window_unsneaky_path_a, co_window_paths_e,
          glass_columns_a, glass_columns_b, glass_columns_a, glass_columns_b,
          glass_columns_b, hellmonk_ecumenical_altar_inner_sanctum
D:3:      mumra_celtic_spiral_tile, layout_basic, serial_shops, shop,
          minmay_shallow_snake_nest, uniq_sigmund
D:4:      layout_layer_cave, gammafunk_ghost_stat_death, uniq_edmund
D:5:      cheibrodos_helix_gallery, layout_loops_ring, minmay_mini_ossuary
D:6:      layout_basic, lightli_minifort, uniq_jeremiah
D:7:      layout_loops_ring, mainiacjoe_overflow_surrounded_room,
          minmay_temple_entry_hall, uniq_joseph
D:8:      layout_loops_cross, serial_shops, shop, minmay_joined_circles,
          uniq_erica
D:9:      layout_loops_corners, enter_bailey_3, grunt_ministairs_9, uniq_amaemon
D:10:     layout_small_grid, grunt_temple_overflow_lords_of_destruction,
          serial_shops, shop
D:11:     layout_basic, david_lair_generic, orc_0_dummy, uniq_maurice
D:12:     layout_rooms
D:13:     minmay_heptahexagon, layout_stronghold
D:14:     gammafunk_indiana_jones, layout_gridville, david_vaults_1,
          chequers_arboretum, serial_shops, shop, shop, nicolae_shop_tiny_glass,
          nicolae_diamond_shop
D:15:     hangedman_depths_entry_civil_slaughter, layout_layer_cave,
          elyvilon_altar_5
Temple:   compressed_dpeg_triangle_lava_temple
Lair:1:   layout_misc_corridors, grunt_megastairs_3, serial_bayou_shore_b,
          infiniplex_staircase_pool_2, uniq_urug, uniq_harold
Lair:2:   layout_layer_cave, guppyfry_snake_entry_island,
          portal_ice_cave_entry_imps, gauntlet_entry_generic,
          serial_bayou_crossing
Lair:3:   layout_gridlike, swamp_mist, basic_altar,
          gammafunk_ghost_wrathful_warriors, special_room
          [special_room_mythical_zoo]
Lair:4:   layout_hall_layers, slime_entry_1, minmay_stone_trees_medium,
          ldierk_geyser, cheibrodos_lair_reptile_den, serial_bayou_shore_a,
          serial_bayou_shore_b, infiniplex_staircase_pool, lemuel_fruit_fields
Lair:5:   guppyfry_lair_end_dragon, layout_long_grid, hangedman_lair_in_review,
          nicolae_quartered_pool_medium, lemuel_fruit_fields
Snake:1:  layout_basic, grunt_megastairs_4
Snake:2:  layout_grid_maze, grunt_megastairs_2, uniq_nikola
Snake:3:  layout_misc_corridors, serial_bayou_shore_b, uniq_donald, uniq_aizul
Snake:4:  johnstein_snake_rune_scales, layout_cave_shapes, serial_shops, shop,
          nicolae_snake_magic_snake_eye, nicolae_triple_integral, uniq_mara,
          uniq_vashnia
Orc:1:    layout_caves, okawaru_metal_pillars_3
Orc:2:    st_orc_rangers, layout_diamond_mine, uniq_erolcha

Skill      XL: |  1  2  3  4  5  6  7  8  9 10 11 12 13 14 15 16 17 |
---------------+----------------------------------------------------+-----
Spellcasting   | 3 4 5 6 7 8 9 10 11 12 | 12.5
Summonings     | 5 6 8 9 10 11 | 11.7
Hexes          | 3 4 5 6 9 10 | 10.1
Fighting       | 1 2 3 5 7 8 9 10 11 12 13 | 13.1
Dodging        | 3 4 6 8 9 11 12 13 15 16 | 16.9
Air Magic      | 2 4 5 |  5.0
Necromancy     | 2 5 8 11 13 14 15 | 15.5
Ice Magic      | 2 8 |  8.0
Stealth        | |  2.6

Action                     |  1- 3 |  4- 6 |  7- 9 | 10-12 | 13-15 | 16-18 || total
---------------------------+-------+-------+-------+-------+-------+-------++-------
  Melee: Unarmed           |    20 |     3 |    24 |    28 |    98 |     3 ||   176
         Bite              |     1 |       |     2 |     4 |    22 |       ||    29
         Punch             |     1 |       |       |     2 |     4 |       ||     7
   Cast: Summon Small Mamm |    57 |    23 |     4 |       |       |       ||    84
         Call Canine Famil |    10 |    40 |    91 |    88 |   149 |     8 ||   386
         Summon Guardian G |       |     2 |    42 |    78 |    30 |       ||   152
         Summon Lightning  |       |       |    12 |    63 |    79 |       ||   154
         Anguish           |       |       |       |    24 |   187 |    84 ||   295
         Animate Dead      |       |       |       |     5 |    34 |     7 ||    46
         Death Channel     |       |       |       |       |    30 |    23 ||    53
         Simulacrum        |       |       |       |       |     2 |    28 ||    30
         Sublimation of Bl |       |       |       |       |     1 |       ||     1
         Haunt             |       |       |       |       |       |     2 ||     2
 Invoke: Unearth Wretches  |       |       |       |       |     6 |    10 ||    16
         Receive Forbidden |       |       |       |       |     1 |       ||     1
  Evoke: Wand              |       |       |       |       |     6 |       ||     6
    Use: Scroll            |       |     2 |     4 |     4 |    20 |     3 ||    33
         Potion            |       |       |       |     2 |       |       ||     2
   Stab: Distracted        |       |       |       |     2 |     5 |       ||     7
         Paralysed         |       |       |       |       |     3 |     2 ||     5
         Sleeping          |       |       |       |       |     1 |       ||     1
 Armour: Skin              |    16 |     4 |    17 |    43 |    95 |    33 ||   208
  Dodge: Dodged            |    36 |    14 |    50 |   149 |   392 |    44 ||   685
   Form: Beast             |       |       |     2 |       |       |       ||     2
                           |       |       |     1 |       |       |       ||     1

Table legend: (Time is in decaauts)
 A = Elapsed time spent in this place.
 B = Non-inter-level travel time spent in this place.
 C = Inter-level travel time spent in this place.
 D = Time resting spent in this place.
 E = Time spent auto-exploring this place.
 F = Levels seen in this place.
 G = Mean time per level.
                   A        B        C        D        E       F      G
               +--------+--------+--------+--------+--------+-----+--------+
         Total |  44493 |  42889 |   1604 |  16935 |  15454 |  28 | 1589.0 |
       Dungeon |  27431 |  26505 |    926 |  10469 |  10143 |  15 | 1828.7 |
        Temple |     11 |     11 |      0 |      0 |      0 |   1 |   11.0 |
          Lair |   9074 |   8738 |    336 |   3952 |   2709 |   5 | 1814.8 |
     Snake Pit |   4974 |   4850 |    124 |   1576 |   1627 |   4 | 1243.5 |
  Orcish Mines |   2678 |   2461 |    217 |    838 |    854 |   2 | 1339.0 |
      Gauntlet |    322 |    322 |      0 |     99 |    120 |   1 |  322.0 |
               +--------+--------+--------+--------+--------+-----+--------+

Top non-repeatable levels by time:
    D:13: 5326 daAuts
  Lair:5: 3251 daAuts
     D:3: 2510 daAuts
     D:5: 2116 daAuts
     D:6: 1789 daAuts
    D:14: 1737 daAuts
   Orc:2: 1736 daAuts
 Snake:1: 1708 daAuts
     D:4: 1674 daAuts
    D:15: 1642 daAuts
     D:8: 1636 daAuts
  Lair:2: 1619 daAuts
     D:1: 1569 daAuts
 Snake:3: 1552 daAuts
    D:12: 1548 daAuts
